[ AOE2 MATCH · #478071130 ]
UnrankedMapuche vs Spanish
Player's team · LOSS
Rival team · WIN
[ REPLAY ANALYSIS · EXTRACTED FROM THE RECORDED GAME ]
Feudal
9:23
Castle
—
Imperial
—
| APM avg | 56.8 |
| APM peak | 81 |
| eAPM avg | 22.4 |
| Villagers / military | 56 / 92 |
Focus
⚔️ 44.3% · 🌾 55.7%
Archer ×77 · Spearman ×8 · Skirmisher ×7
Feudal
9:15
Castle
21:15
Imperial
—
| APM avg | 55.1 |
| APM peak | 92 |
| eAPM avg | 23.3 |
| Villagers / military | 56 / 36 |
Focus
⚔️ 43.5% · 🌾 56.5%
Skirmisher ×15 · Archer ×6 · Cavalry Archer ×6 · Militia ×5 · Knight ×4
Match map
Initial resources + every placement click. Lines = walls · curves = elevation contours. ◆ gold · ⬟ stone · ● berries · ✦ relic · ◌ wall gap
Your base· Open — opponent sealed themselves in
if i lose it all's base· ✓ Closed at 21:15 · 25t walls · no gate
Smoothed initial terrain · ◌ = detected wall gap · hover for details
Inputs per minute
— Cradle - - if i lose it all
Build order — Cradle
First 150 of 205 actions detected
| 0:01 | Create | Villager (Male) |
| 0:01 | Create | Villager (Male) |
| 0:02 | Create | Villager (Male) |
| 0:02 | Create | Villager (Male) |
| 0:04 | Build | House |
| 0:05 | Build | House |
| 1:28 | Create | Villager (Male) |
| 1:52 | Build | Settlement |
| 1:55 | Create | Villager (Male) |
| 2:29 | Create | Villager (Male) |
| 2:57 | Create | Villager (Male) |
| 3:10 | Create | Villager (Male) |
| 3:49 | Create | Villager (Male) |
| 4:11 | Create | Villager (Male) |
| 4:22 | Create | Villager (Male) |
| 4:39 | Create | Villager (Male) |
| 5:05 | Create | Villager (Male) |
| 5:33 | Build | Settlement |
| 5:39 | Create | Villager (Male) |
| 5:40 | Research | Loom |
| 6:48 | Create | Villager (Male) |
| 7:12 | Research | Feudal Age |
| 7:18 | Build | Barracks |
| 9:18 | Create | Villager (Male) |
| 9:23 | Age | Feudal Age |
| 9:31 | Build | Archery Range |
| 9:31 | Create | Spearman |
| 9:44 | Create | Villager (Male) |
| 9:47 | Research | Double-Bit Axe |
| 9:52 | Build | Palisade Wall |
| 9:54 | Build | Palisade Wall |
| 10:04 | Build | Palisade Wall |
| 10:24 | Create | Villager (Male) |
| 10:31 | Create | Villager (Male) |
| 10:32 | Create | Spearman |
| 11:03 | Create | Villager (Male) |
| 11:14 | Create | Villager (Male) |
| 11:29 | Create | Villager (Male) |
| 11:45 | Create | Villager (Male) |
| 11:48 | Research | Horse Collar |
| 11:57 | Create | Archer |
| 11:57 | Create | Archer |
| 11:57 | Create | Archer |
| 11:57 | Create | Archer |
| 11:57 | Create | Archer |
| 11:59 | Create | Villager (Male) |
| 12:08 | Build | House |
| 12:22 | Research | Town Watch |
| 12:30 | Build | House |
| 12:36 | Create | Villager (Male) |
| 12:46 | Build | House |
| 12:46 | Build | Palisade Wall |
| 12:55 | Create | Villager (Male) |
| 13:00 | Build | Farm |
| 13:05 | Create | Archer |
| 13:05 | Create | Archer |
| 13:05 | Create | Archer |
| 13:05 | Create | Archer |
| 13:13 | Create | Villager (Male) |
| 13:15 | Build | Farm |
| 13:15 | Create | Villager (Male) |
| 13:18 | Build | Farm |
| 13:37 | Create | Archer |
| 13:37 | Create | Archer |
| 13:37 | Create | Archer |
| 13:37 | Create | Archer |
| 13:37 | Create | Archer |
| 13:37 | Create | Archer |
| 13:41 | Build | Farm |
| 13:45 | Build | Farm |
| 13:56 | Create | Villager (Male) |
| 14:10 | Create | Villager (Male) |
| 14:27 | Build | Outpost |
| 14:28 | Build | Blacksmith |
| 14:33 | Create | Archer |
| 14:33 | Create | Archer |
| 14:33 | Create | Archer |
| 14:33 | Create | Archer |
| 14:33 | Create | Archer |
| 14:33 | Create | Villager (Male) |
| 14:35 | Create | Villager (Male) |
| 14:40 | Create | Archer |
| 14:40 | Create | Archer |
| 14:40 | Create | Archer |
| 15:25 | Create | Villager (Male) |
| 15:40 | Research | Fletching |
| 15:45 | Create | Villager (Male) |
| 15:52 | Create | Skirmisher |
| 15:52 | Create | Skirmisher |
| 15:52 | Create | Skirmisher |
| 15:52 | Create | Skirmisher |
| 16:04 | Create | Villager (Male) |
| 16:32 | Create | Skirmisher |
| 16:32 | Create | Skirmisher |
| 16:32 | Create | Skirmisher |
| 16:37 | Create | Villager (Male) |
| 16:43 | Create | Villager (Male) |
| 16:56 | Create | Villager (Male) |
| 16:57 | Create | Spearman |
| 16:57 | Create | Spearman |
| 16:57 | Create | Spearman |
| 16:57 | Create | Spearman |
| 16:57 | Create | Spearman |
| 16:57 | Create | Spearman |
| 17:16 | Create | Villager (Male) |
| 17:20 | Create | Villager (Male) |
| 17:21 | Build | Farm |
| 17:22 | Build | Farm |
| 17:22 | Build | Farm |
| 17:22 | Build | Farm |
| 17:22 | Build | Farm |
| 17:25 | Create | Villager (Male) |
| 17:25 | Create | Villager (Male) |
| 17:31 | Create | Archer |
| 17:31 | Create | Archer |
| 17:31 | Create | Archer |
| 17:32 | Create | Villager (Male) |
| 18:07 | Build | Settlement |
| 18:07 | Create | Villager (Male) |
| 18:10 | Build | Farm |
| 18:13 | Build | Farm |
| 18:17 | Create | Archer |
| 18:17 | Create | Archer |
| 18:17 | Create | Archer |
| 18:17 | Create | Archer |
| 18:17 | Create | Archer |
| 18:17 | Create | Villager (Male) |
| 18:26 | Build | Settlement |
| 18:32 | Create | Archer |
| 18:32 | Create | Archer |
| 18:32 | Create | Archer |
| 18:32 | Create | Archer |
| 18:32 | Create | Archer |
| 18:32 | Create | Archer |
| 18:32 | Create | Archer |
| 18:33 | Create | Villager (Male) |
| 18:33 | Create | Villager (Male) |
| 18:34 | Create | Villager (Male) |
| 18:58 | Build | Farm |
| 19:13 | Create | Archer |
| 19:13 | Create | Archer |
| 19:13 | Create | Archer |
| 19:13 | Create | Archer |
| 19:13 | Create | Archer |
| 19:13 | Create | Archer |
| 19:16 | Create | Villager (Male) |
| 19:19 | Build | Farm |
| 19:20 | Create | Villager (Male) |
| 19:28 | Create | Archer |
| 19:28 | Create | Archer |
Build order — if i lose it all
First 150 of 160 actions detected
| 0:00 | Create | Villager (Male) |
| 0:01 | Build | House |
| 0:02 | Build | House |
| 0:05 | Create | Villager (Male) |
| 0:06 | Create | Villager (Male) |
| 0:06 | Create | Villager (Male) |
| 1:23 | Create | Villager (Male) |
| 1:45 | Build | Lumber Camp |
| 2:00 | Create | Villager (Male) |
| 2:13 | Create | Villager (Male) |
| 2:14 | Create | Villager (Male) |
| 2:32 | Create | Villager (Male) |
| 3:12 | Create | Villager (Male) |
| 3:35 | Create | Villager (Male) |
| 3:59 | Build | House |
| 4:00 | Build | House |
| 4:04 | Create | Villager (Male) |
| 4:25 | Create | Villager (Male) |
| 4:52 | Build | Barracks |
| 4:59 | Create | Villager (Male) |
| 5:04 | Create | Villager (Male) |
| 5:30 | Create | Villager (Male) |
| 5:40 | Create | Villager (Male) |
| 5:51 | Research | Loom |
| 6:14 | Build | Mining Camp |
| 7:05 | Research | Feudal Age |
| 7:30 | Create | Militia |
| 7:41 | Create | Militia |
| 7:55 | Create | Militia |
| 8:27 | Build | House |
| 8:40 | Create | Villager (Male) |
| 8:55 | Build | Mill |
| 9:04 | Build | House |
| 9:15 | Age | Feudal Age |
| 9:18 | Research | Man-at-Arms (upgrade) |
| 9:25 | Create | Villager (Male) |
| 9:37 | Build | House |
| 9:50 | Create | Villager (Male) |
| 10:05 | Create | Villager (Male) |
| 10:07 | Build | House |
| 10:23 | Create | Villager (Male) |
| 10:52 | Create | Villager (Male) |
| 10:57 | Build | Archery Range |
| 11:15 | Create | Villager (Male) |
| 11:20 | Build | House |
| 11:30 | Create | Militia |
| 11:34 | Build | Blacksmith |
| 11:35 | Build | Palisade Wall |
| 11:40 | Create | Villager (Male) |
| 11:50 | Build | Farm |
| 11:51 | Research | Double-Bit Axe |
| 11:52 | Research | Horse Collar |
| 11:59 | Create | Skirmisher |
| 12:13 | Build | Farm |
| 12:22 | Build | House |
| 12:23 | Research | Fletching |
| 12:25 | Create | Skirmisher |
| 12:36 | Create | Villager (Male) |
| 12:39 | Create | Archer |
| 12:41 | Create | Militia |
| 12:46 | Build | House |
| 12:50 | Build | Palisade Wall |
| 13:03 | Create | Villager (Male) |
| 13:04 | Create | Villager (Male) |
| 13:05 | Build | Farm |
| 13:11 | Create | Archer |
| 13:14 | Build | Farm |
| 13:16 | Build | Palisade Wall |
| 13:17 | Build | Palisade Wall |
| 13:26 | Build | Palisade Wall |
| 13:26 | Build | Palisade Wall |
| 13:34 | Create | Villager (Male) |
| 13:36 | Build | Farm |
| 13:36 | Build | Farm |
| 13:40 | Build | Farm |
| 13:48 | Create | Archer |
| 14:07 | Create | Villager (Male) |
| 14:14 | Create | Villager (Male) |
| 14:16 | Build | Farm |
| 14:24 | Build | Farm |
| 14:28 | Build | Farm |
| 14:33 | Build | Palisade Wall |
| 14:35 | Build | Farm |
| 14:44 | Create | Archer |
| 15:15 | Create | Villager (Male) |
| 15:32 | Create | Villager (Male) |
| 15:36 | Create | Villager (Male) |
| 15:41 | Build | Farm |
| 15:42 | Build | Farm |
| 15:47 | Create | Villager (Male) |
| 15:57 | Build | Farm |
| 15:59 | Build | Farm |
| 16:00 | Create | Villager (Male) |
| 16:01 | Create | Archer |
| 16:09 | Create | Archer |
| 16:14 | Build | Archery Range |
| 16:17 | Create | Villager (Male) |
| 16:42 | Create | Villager (Male) |
| 16:43 | Build | Farm |
| 17:09 | Build | Lumber Camp |
| 17:16 | Create | Villager (Male) |
| 17:21 | Build | House |
| 17:23 | Create | Villager (Male) |
| 18:07 | Build | Farm |
| 18:35 | Research | Castle Age |
| 18:46 | Build | Farm |
| 18:47 | Build | Farm |
| 18:50 | Build | Stable |
| 18:58 | Build | Lumber Camp |
| 19:08 | Build | Farm |
| 19:16 | Research | Scale Barding Armor |
| 19:32 | Create | Villager (Male) |
| 19:50 | Create | Skirmisher |
| 19:50 | Create | Skirmisher |
| 20:14 | Research | Gold Mining |
| 20:15 | Create | Skirmisher |
| 20:16 | Create | Skirmisher |
| 20:25 | Create | Skirmisher |
| 20:25 | Create | Skirmisher |
| 20:35 | Create | Skirmisher |
| 20:35 | Create | Skirmisher |
| 20:37 | Create | Villager (Male) |
| 20:57 | Create | Skirmisher |
| 21:15 | Age | Castle Age |
| 21:19 | Research | Bodkin Arrow |
| 21:29 | Build | Town Center |
| 21:30 | Create | Knight |
| 21:35 | Create | Villager (Male) |
| 21:49 | Create | Villager (Male) |
| 21:56 | Create | Knight |
| 22:23 | Create | Knight |
| 22:23 | Create | Villager (Male) |
| 22:24 | Create | Villager (Male) |
| 22:27 | Create | Skirmisher |
| 22:27 | Create | Skirmisher |
| 22:29 | Build | Town Center |
| 22:41 | Create | Knight |
| 22:53 | Create | Villager (Male) |
| 22:54 | Build | Farm |
| 22:55 | Build | Farm |
| 22:57 | Create | Skirmisher |
| 22:57 | Create | Skirmisher |
| 23:03 | Create | Villager (Male) |
| 23:14 | Create | Cavalry Archer |
| 23:15 | Create | Cavalry Archer |
| 23:24 | Create | Villager (Male) |
| 23:37 | Create | Villager (Male) |
| 23:39 | Create | Villager (Male) |
| 23:44 | Create | Cavalry Archer |
| 23:44 | Create | Cavalry Archer |
Match timeline
| 4:52 | if i lose it all · first_building Barracks |
| 7:18 | Cradle · first_building Barracks |
| 9:15 | if i lose it all · age_up feudal |
| 9:23 | Cradle · age_up feudal |
| 9:31 | Cradle · first_building Archery Range |
| 9:52 | Cradle · wall_segment Palisade Wall x1 |
| 9:54 | Cradle · wall_segment Palisade Wall x1 |
| 10:04 | Cradle · wall_segment Palisade Wall x1 |
| 10:57 | if i lose it all · first_building Archery Range |
| 11:35 | if i lose it all · wall_segment Palisade Wall x1 |
| 12:46 | Cradle · wall_segment Palisade Wall x8 |
| 12:50 | if i lose it all · wall_segment Palisade Wall x2 |
| 13:16 | if i lose it all · wall_segment Palisade Wall x1 |
| 13:17 | if i lose it all · wall_segment Palisade Wall x4 |
| 13:26 | if i lose it all · wall_segment Palisade Wall x8 |
| 13:26 | if i lose it all · wall_segment Palisade Wall x1 |
| 14:33 | if i lose it all · wall_segment Palisade Wall x10 |
| 18:50 | if i lose it all · first_building Stable |
| 21:15 | if i lose it all · age_up castle |
| 22:35 | Cradle · wall_segment Palisade Wall x11 |
| 22:39 | Cradle · wall_segment Palisade Wall x5 |
| 22:46 | Cradle · wall_segment Stone Wall x1 |
| 22:49 | Cradle · wall_segment Palisade Wall x16 |
| 23:04 | Cradle · wall_segment Palisade Wall x5 |
| 24:25 | Cradle · resign |
[ AI ANALYSIS · 1 CREDIT ]
What really happened in this match?
Wolo.gg analyzes every decision: build order, eco, micro, common mistakes by bracket. Personalized analysis on WhatsApp or Discord in 30 seconds.
Civ guide
Mapuche
Perfil
Jugador #5874425